AoeStats
← Galactimus

Highland

505560095Analyzed
2v2 RM · 22d ago on Sep 10, 2026· 58m 39s· 4 players
Game mode
Random Map
Map size
Medium (4 player)
Population
200
Speed
Normal
Resources
Standard
Victory
Conquest
Starting age
Dark Age
Ending age
Imperial Age
RankedLock teamsTeams togetherTeam positionsShared explorationLock speedFull tech treeHidden civsTurbo modeCheats
Victory
Defeat
🇳🇱 Inca · Netherlands
907
+14
🇲🇽 Mapuche · Mexico
823
+18
🇺🇸 Mongols · United States
870
-16
🇺🇸 Franks · United States
859
-16
RadagastTheBrown
11:38 Feudal Age
11:33 Loom
18:06 Castle Age
19:10 Double-Bit Axe
23:46 Husbandry
24:57 Forging
26:52 Iron Casting
30:20 #83
32:34 Imperial Age
30:42 Fletching
30:55 Padded Archer Armor
31:30 Elite Skirmisher
33:56 Bodkin Arrow
34:17 Leather Archer Armor
37:13 Conscription
36:16 Cavalier
38:07 Pikeman
38:48 Squires
39:09 Chivalry
39:12 Scale Mail Armor
39:19 Halberdier
43:05 Blast Furnace
44:38 Elite Throwing Axeman
47:12 Chemistry
47:29 Arson
51:19 Paladin
52:31 Murder Holes
AffirmedTurtle
12:17 Feudal Age
12:39 Feudal Age
12:54 Loom
17:03 Castle Age
16:05 Double-Bit Axe
16:22 Horse Collar
20:30 Fletching
22:19 Scale Barding Armor
26:13 Wheelbarrow
25:26 Town Watch
27:45 Husbandry
29:03 Bloodlines
30:04 Bow Saw
30:44 Light Cavalry
31:53 Chain Barding Armor
35:26 Squires
34:46 Man-at-Arms
36:01 Heavy Plow
36:13 Gold Mining
36:07 Long Swordsman
38:21 Forging
38:13 Scale Mail Armor
40:49 Chain Mail Armor
41:10 Iron Casting
43:59 Imperial Age
44:05 Two-Handed Swordsman
45:31 Conscription
44:45 Hussar
47:07 Thumb Ring
46:22 Crossbowman
48:27 Arbalester
50:04 Hand Cart
49:50 Town Patrol
49:55 Bodkin Arrow
53:16 Ballistics
53:11 Bracer
53:11 Padded Archer Armor
55:56 Chemistry
55:05 Siege Engineers
Galactimus
1:58 Loom
10:06 Feudal Age
18:28 Castle Age
16:26 Double-Bit Axe
16:25 Horse Collar
17:39 Forging
18:28 Stone Mining
18:51 Scale Mail Armor
19:03 Fletching
19:14 Padded Archer Armor
18:37 Champi Runner
19:40 Bow Saw
19:29 Champi Warrior
20:20 Pikeman
21:54 Arson
24:17 Town Watch
24:38 Elite Skirmisher
25:28 Murder Holes
28:11 Ballistics
29:20 Bodkin Arrow
29:53 Leather Archer Armor
29:52 Malon
31:25 Wheelbarrow
32:05 Heavy Plow
33:21 Hand Cart
33:45 Fishing Lines
34:37 Town Patrol
35:15 Gold Mining
41:03 Imperial Age
42:31 Elite Bolas Rider
49:41 Elite Kona
52:25 Butalmapu
MATMATEO09
2:59 Loom
5:47 Loom
14:36 Feudal Age
18:22 Castle Age
16:32 Horse Collar
16:41 Double-Bit Axe
19:04 Heavy Plow
21:24 Wheelbarrow
22:03 Wheelbarrow
21:33 Gold Mining
27:59 Imperial Age
26:11 Fletching
26:22 Scale Mail Armor
26:32 Forging
28:20 Bodkin Arrow
28:44 Chain Mail Armor
29:42 Bracer
29:39 Murder Holes
29:40 Guard Tower
32:20 Plate Mail Armor
34:36 Hand Cart
34:36 Bow Saw
35:00 Crop Rotation
35:24 Keep
35:51 Chemistry
35:12 Ballistics
36:35 Squires
35:59 Champi Runner
38:17 Town Watch
38:25 Stone Mining
39:36 Fabric Shields
39:57 Conscription
39:51 Elite Kamayuk
39:53 Champi Warrior
41:12 Iron Casting
40:38 Arson
43:04 Elite Champi Warrior
45:16 Blast Furnace
Connection lost

Rejoining the realm…

Still unreachable

The connection could not be restored.

Session expired

The server has moved on; the page needs a fresh start.